 Dungeon Crawl Stone Soup version 0.14-a0-1576-gf4c5cb9 (webtiles) character file.

699 HollowCharge the Cudgeler (level 7, -4/74 HPs)
             Began as an Ogre Gladiator on Dec 21, 2013.
             Slain by a gnoll
             ... wielding a +0,+0 spear
              (8 damage)
             ... on Level 5 of the Dungeon.
             The game lasted 00:24:00 (4333 turns).

HollowCharge the Cudgeler (Ogre Gladiator)          Turns: 4333, Time: 00:24:00

HP  -4/74        AC  3     Str 23      XL: 7   Next: 31%
MP   7/7         EV  6     Int  7      God:
Gold 137         SH  0     Dex  8      Spells:  0 memorised,  6 levels left

rFire  . . .     SeeInvis .     a - +1 mace
rCold  . . .     Clarity  .     e - +0 elf robe
rNeg   . . .     Conserve .     (shield restricted)
rPois  .         rCorr    .     c - +0 cap
rElec  .         rRot     .     (no cloak)
SustAb . .       Spirit   .     (gloves unavailable)
rMut   .         Warding  .     (boots unavailable)
Saprov + . .     Stasis   .     (no amulet)
                                (no ring)
                                (no ring)

@: held, slightly resistant to hostile enchantments, very unstealthy
A: unfitting armour, talons 1, breathe flames 1, clumsy 1, fast metabolism 1,
sense surroundings 1, saprovore 1, tough skin 1
a: Breathe Fire


You were on level 5 of the Dungeon.
You were not hungry.

You visited 1 branch of the dungeon, and saw 5 of its levels.

You collected 137 gold pieces.

Inventory:

Hand weapons
 a - a +1,+1 mace (weapon)
 g - a +0,+0 orcish flail
 w - a cursed -3,-2 giant club
Missiles
 d - 3 throwing nets (quivered)
Armour
 c - a +0 cap (worn)
 e - a +0 elven robe (worn)
Comestibles
 f - 3 meat rations
 m - a cheese
 o - 2 bread rations
 r - an apple
Scrolls
 l - 3 scrolls of remove curse
 p - a scroll of amnesia
 t - 2 scrolls of enchant weapon I
 v - 2 scrolls of enchant weapon II
Potions
 i - 2 potions of restore abilities {unknown}
 j - 2 potions of confusion {unknown}
 k - a potion of invisibility {unknown}
 n - 2 potions of curing {unknown}
 q - 2 potions of speed {unknown}
 s - a potion of poison {unknown}
 z - a potion of resistance {unknown}


   Skills:
 + Level 5.9 Fighting
 + Level 7.1 Maces & Flails
 - Level 2.3 Throwing
 + Level 4.8 Dodging


You had 6 spell levels left.
You didn't know any spells.

Dungeon Overview and Level Annotations

Branches:
Dungeon (5/16)
 Temple: D:4-7

Altars:
Vehumet


Innate Abilities, Weirdness & Mutations

You are too large for most types of armour.
You have a fast metabolism.
You can tolerate rotten meat.
You have tough skin (AC +1).
You have sharp toenails.
You can breathe flames.
You are clumsy. (Dex -2)
You passively map a small area around you.


Message History

The gnoll hits you from afar with a glowing spear!
The gnoll shaman calls upon its god to speed up the gnoll.
The gnoll seems to speed up.
The gnoll hits you from afar with a spear.
The gnoll completely misses you. The gnoll closely misses you.
You tear a large gash into the net.
The gnoll hits you from afar with a glowing spear.
The gnoll hits you but does no damage.
The gnoll shaman calls upon its god to heal the gnoll.
The gnoll's wounds heal themselves!
The gnoll hits you from afar with a spear.
The gnoll hits you with a club.
* * * LOW HITPOINT WARNING * * *
The gnoll hits you with a whip!
* * * LOW HITPOINT WARNING * * *
The gnoll hits you from afar with a glowing spear!
* * * LOW HITPOINT WARNING * * *
Magic courses through your body.
It was a potion of magic.
The gnoll hits you from afar with a spear!
You die...

. .. ..
..##########################
...........................#
.............>.............#
..................g........#
................@ggg....>..#
.................g.........#
.........)........g........#
.....(..g..................#
...........................#
.....[.....................#
..##########################
<.# ..#


You could see a gnoll shaman and 5 gnolls.

Vanquished Creatures
  A sky beast (D:4)
  An ogre (D:4)
  2 orc priests (D:4)
  3 hounds
  A giant frog skeleton (D:4)
  An orc wizard (D:4)
  A worker ant (D:4)
  4 adders
  A gnoll (D:5)
  A giant mite (D:1)
  A worm (D:4)
  A giant eyeball (D:4)
  3 giant geckos
  An ooze (D:1)
  6 orcs
  A giant cockroach (D:3)
  10 hobgoblins
  2 jackals (D:4)
  A quokka (D:5)
  3 ball pythons
  11 bats
  2 giant newts
  14 goblins
  A goblin skeleton (D:4)
  15 kobolds
  7 rats
95 creatures vanquished.

Notes
Turn   | Place    | Note
--------------------------------------------------------------
     0 | D:1      | HollowCharge, the Ogre Gladiator, began the quest for the Orb.
     0 | D:1      | Reached XP level 1. HP: 22/22 MP: 1/1
   302 | D:1      | Reached XP level 2. HP: 25/29 MP: 2/2
   589 | D:1      | Reached XP level 3. HP: 29/37 MP: 3/3
  1294 | D:2      | Reached skill level 5 in Maces & Flails
  1322 | D:2      | Reached XP level 4. HP: 25/45 MP: 4/4
  2087 | D:3      | Gained mutation: You can breathe flames. [potion of mutation]
  2087 | D:3      | Gained mutation: You have sharp toenails. [potion of mutation]
  2087 | D:3      | Gained mutation: You are clumsy. (Dex -2) [potion of mutation]
  2088 | D:3      | Gained mutation: Your body is slowly deteriorating. [potion of mutation]
  2088 | D:3      | Gained mutation: You passively map a small area around you. [potion of mutation]
  2088 | D:3      | Lost mutation: Your body is slowly deteriorating. [potion of mutation]
  2546 | D:4      | Reached XP level 5. HP: 30/54 MP: 5/5
  2828 | D:4      | Reached skill level 6 in Maces & Flails
  2889 | D:4      | Found a radiant altar of Vehumet.
  3055 | D:4      | Reached XP level 6. HP: 29/63 MP: 6/6
  3323 | D:4      | Reached skill level 5 in Fighting
  3779 | D:5      | Entered Level 5 of the Dungeon
  3798 | D:5      | Reached XP level 7. HP: 56/72 MP: 7/7
  3932 | D:4      | Reached skill level 7 in Maces & Flails
  4181 | D:4      | Paralysed by a giant eyeball for 2 turns
  4333 | D:5      | Slain by a gnoll

Action                   |  1- 3 |  4- 6 |  7- 9 || total
-------------------------+-------+-------+-------++-------
Melee: Mace              |   110 |   179 |    29 ||   318
 Abil: Breathe Fire      |       |     8 |     1 ||     9
  Use: Scroll            |     5 |     5 |     2 ||    12
       Potion            |       |     2 |     1 ||     3
